[Event "ICC tourney 2355 (60 10)"]
[Site "Internet Chess Club"]
[Date "2021.01.31"]
[Round "4"]
[White "CaptainAL13"]
[Black "EricCheng-131"]
[Result "1/2-1/2"]
[ICCResult "Game drawn by repetition"]
[WhiteElo "834"]
[BlackElo "1373"]
[Opening "Giuoco Pianissimo: Italian four knights variation"]
[ECO "C50"]
[NIC "IG.02"]
[Time "10:01:54"]
[PlyCount "91"]
[TimeControl "3600+10"]

1. e4 e5 2. Nf3 Nc6 3. Bc4 Bc5 4. Nc3 Nf6 5. d3 h6 6. h3 O-O 7. g4 d6 8. g5
hxg5 9. Bxg5 Be6 10. Nd5 Bxd5 11. Bxd5 Rb8 12. Nh4 Bxf2+ 13. Kxf2 Nxe4+ 14.
dxe4 Qxg5 15. Nf3 Qf4 16. Qd2 Qf6 17. c3 Ne7 18. Bb3 Qg6 19. Qe2 Kh8 20.
Rag1 Qh5 21. Rg4 Ng6 22. Rhg1 Nf4 23. Rxf4 exf4 24. Rg4 Kg8 25. Qf1 Qc5+
26. Kg2 Qe3 27. Kh2 Rbe8 28. Qg2 Rxe4 29. Rxg7+ Kh8 30. Ng5 Qg3+ 31. Qxg3
fxg3+ 32. Kxg3 Re3+ 33. Kf4 Kxg7 34. Kxe3 Re8+ 35. Kf4 Kf6 36. Bxf7 Re5 37.
h4 Rf5+ 38. Kg4 Re5 39. Bb3 Re2 40. Kf3 Rxb2 41. c4 Rh2 42. Kg3 Re2 43. Kf3
Rh2 44. Kg3 Re2 45. Kf3 Rh2 46. Kg3 { Game drawn by repetition } 1/2-1/2

[Event "ICC tourney 2355 (60 10)"]
[Site "Internet Chess Club"]
[Date "2021.01.31"]
[Round "4"]
[White "hannahchan"]
[Black "akhan123"]
[Result "1-0"]
[ICCResult "Black resigns"]
[WhiteElo "961"]
[BlackElo "764"]
[Opening "Giuoco Piano"]
[ECO "C54"]
[NIC "IG.02"]
[Time "10:01:46"]
[PlyCount "55"]
[TimeControl "3600+10"]

1. e4 e5 2. Nf3 Nc6 3. Bc4 Bc5 4. c3 Nf6 5. d4 exd4 6. cxd4 Bb4+ 7. Bd2
Bxd2+ 8. Nbxd2 O-O 9. O-O d6 10. h3 b6 11. Re1 Bb7 12. Qc2 d5 13. exd5 Nxd5
14. Ne4 h6 15. Ng3 Nf4 16. Qd2 Ng6 17. Rad1 Nce7 18. Qc3 Qd6 19. Rd2 Bxf3
20. Qxf3 Nh4 21. Bxf7+ Kh8 22. Qe4 g5 23. Qxe7 Qc6 24. Qe5+ Kh7 25. Bd5 Qf6
26. Qxf6 Rxf6 27. Bxa8 Ng6 28. Be4 { Black resigns } 1-0

[Event "ICC tourney 2355 (60 10)"]
[Site "Internet Chess Club"]
[Date "2021.01.31"]
[Round "4"]
[White "mrforkydude"]
[Black "che2468"]
[Result "0-1"]
[ICCResult "White resigns"]
[WhiteElo "1224"]
[BlackElo "1433"]
[Opening "Sicilian"]
[ECO "B56"]
[NIC "SI.25"]
[Time "10:02:08"]
[PlyCount "108"]
[TimeControl "3600+10"]

1. e4 c5 2. Nf3 d6 3. d4 cxd4 4. Nxd4 Nf6 5. Nc3 Nc6 6. Be3 Ng4 7. Bb5 Nxe3
8. Nxc6 Nxd1 9. Nxd8+ Kxd8 10. Rxd1 a6 11. Ba4 b5 12. Bb3 e6 13. O-O Bb7
14. f4 Ke7 15. a3 g6 16. f5 Bg7 17. Rfe1 Rac8 18. Rd3 Rc7 19. Red1 Rd8 20.
Re3 Be5 21. Rh3 h5 22. Rf1 Bxc3 23. bxc3 Bxe4 24. fxe6 fxe6 25. g4 Rh8 26.
Re3 d5 27. g5 Rf8 28. Rfe1 Rf5 29. h4 Rf3 30. Rxf3 Bxf3 31. Rf1 Be4 32. c4
bxc4 33. Ba4 Rc5 34. Rb1 d4 35. Re1 Bd5 36. Rb1 Ra5 37. Rb4 d3 38. cxd3
cxd3 39. Kf2 e5 40. Ke3 e4 41. Kd2 Rc5 42. Rb6 Ra5 43. Rb4 Kf7 44. Ke3 Rc5
45. Rb6 a5 46. Kd4 Rc4+ 47. Kxd5 Rxa4 48. Rb7+ Ke8 49. Kd6 Rd4+ 50. Ke6 d2
51. Rb8+ Rd8 52. Rb7 d1=Q 53. Re7+ Kf8 54. Rf7+ Kg8 { White resigns } 0-1

[Event "ICC tourney 2355 (60 10)"]
[Site "Internet Chess Club"]
[Date "2021.01.31"]
[Round "4"]
[White "zgregor"]
[Black "Hillel-2012"]
[Result "1-0"]
[ICCResult "Black resigns"]
[WhiteElo "910"]
[BlackElo "110"]
[Opening "Queen's pawn: Yusupov-Rubinstein system"]
[ECO "A46"]
[NIC "QP.06"]
[Time "10:01:49"]
[PlyCount "135"]
[TimeControl "3600+10"]

1. d4 Nf6 2. Nf3 e6 3. e3 Nc6 4. Nc3 Bb4 5. Bd2 a6 6. Bd3 O-O 7. e4 Bxc3 8.
Bxc3 d6 9. O-O Re8 10. h3 e5 11. Re1 exd4 12. Nxd4 Nxd4 13. Bxd4 d5 14. e5
Nd7 15. Qh5 g6 16. Qh6 f6 17. e6 Nb6 18. Re3 Rxe6 19. Rg3 Qe8 20. Bc3 Bd7
21. h4 Qf7 22. f4 Qg7 23. Qxg7+ Kxg7 24. h5 Kf7 25. hxg6+ hxg6 26. Bxg6+
Ke7 27. Bb4+ Kd8 28. Bf5 Re2 29. Rg8+ Be8 30. Re1 Rxe1+ 31. Bxe1 c5 32. Bg6
Kd7 33. Rg7+ Kd6 34. Bf5 Nc4 35. Bg6 Bxg6 36. Rxg6 Ke7 37. Bh4 Rf8 38. Rg7+
Ke6 39. g4 Nxb2 40. f5+ Ke5 41. Re7+ Kf4 42. Rg7 b5 43. Kf2 Nd1+ 44. Ke2
Nc3+ 45. Kd3 b4 46. g5 Kg4 47. Be1 fxg5 48. Bxc3 bxc3 49. Kxc3 Rxf5 50. Ra7
d4+ 51. Kc4 Kf4 52. Rxa6 g4 53. Rg6 g3 54. a4 Kf3 55. a5 g2 56. a6 Kf2 57.
a7 Rf8 58. Rxg2+ Kxg2 59. Kxc5 Ra8 60. Kb6 Rxa7 61. Kxa7 Kf2 62. Kb6 Ke2
63. Kc5 Ke3 64. Kc4 Ke4 65. Kb3 Ke3 66. Kc4 Ke4 67. Kc5 Kf3 68. Kxd4 {
Black resigns } 1-0

[Event "ICC tourney 2355 (60 10)"]
[Site "Internet Chess Club"]
[Date "2021.01.31"]
[Round "4"]
[White "Phineashrad"]
[Black "warrenl"]
[Result "1/2-1/2"]
[ICCResult "Game drawn by mutual agreement"]
[WhiteElo "962"]
[BlackElo "1199"]
[Opening "Sicilian defense"]
[ECO "B30"]
[NIC "SI.31"]
[Time "10:02:07"]
[PlyCount "150"]
[TimeControl "3600+10"]

1. e4 c5 2. Nf3 Nc6 3. Nc3 Nf6 4. Bc4 e6 5. d4 d5 6. exd5 exd5 7. Bb5 Qb6
8. Bxc6+ bxc6 9. dxc5 Bxc5 10. Qe2+ Be6 11. Rb1 O-O 12. Bg5 Ng4 13. O-O
Rfe8 14. Na4 Qa5 15. Nxc5 Qxc5 16. Rfc1 Bf5 17. Qd2 Qb5 18. Nd4 Qb8 19. Bf4
Qc8 20. h3 Nf6 21. Bg5 Ne4 22. Qf4 Bg6 23. Re1 Qb8 24. Qxb8 Raxb8 25. Nxc6
Rbc8 26. Ne7+ Rxe7 27. Bxe7 Rxc2 28. Rbc1 Rxc1 29. Rxc1 f6 30. Rc7 a6 31.
a4 Kf7 32. b4 Ke6 33. b5 axb5 34. axb5 Nd6 35. b6 d4 36. b7 Nxb7 37. Rxb7
d3 38. Bb4 Kd5 39. Kf1 Kc4 40. Ke1 Kd4 41. Kd2 Be4 42. f3 Bxb7 43. Bf8 g6
44. Bg7 Ke5 45. Kxd3 Ke6 46. Bf8 Ba6+ 47. Ke3 Ke5 48. f4+ Kf5 49. g4+ Ke6
50. h4 f5 51. g5 Kd5 52. Bg7 Kc4 53. Bb2 Kb3 54. Be5 Kc2 55. Kd4 Kd2 56.
Kd5 Ke3 57. Ke6 Kf3 58. Kf7 Kg4 59. Kg7 Kxh4 60. Kxh7 Kh5 61. Kg7 Bc4 62.
Bd6 Bb3 63. Bc5 Bd5 64. Kf6 Be4 65. Be3 Bd5 66. Ke5 Ba8 67. Ke6 Kg4 68. Ke7
Bd5 69. Kf6 Kh5 70. Kg7 Bh1 71. Ba7 Ba8 72. Bb8 Bh1 73. Be5 Bd5 74. Bd4 Bb3
75. Be5 Bc2 { Game drawn by mutual agreement } 1/2-1/2

[Event "ICC tourney 2355 (60 10)"]
[Site "Internet Chess Club"]
[Date "2021.01.31"]
[Round "4"]
[White "SpeyerZivaM"]
[Black "augustha"]
[Result "0-1"]
[ICCResult "White checkmated"]
[WhiteElo "866"]
[BlackElo "624"]
[Opening "French: advance, Paulsen attack"]
[ECO "C02"]
[NIC "FR.03"]
[Time "10:01:50"]
[PlyCount "86"]
[TimeControl "3600+10"]

1. e4 e6 2. d4 d5 3. e5 c5 4. Nf3 Nc6 5. c3 Qb6 6. Be2 Nge7 7. O-O Nf5 8.
Be3 Nxe3 9. fxe3 Qxb2 10. Na3 Qxa3 11. Ng5 f5 12. Qd3 Be7 13. Nf3 O-O 14.
g3 cxd4 15. Nxd4 Nxd4 16. exd4 Bd7 17. Rab1 b6 18. Qc2 Bg5 19. Bf3 f4 20.
Qg2 fxg3 21. Qxg3 Bf4 22. Qg2 Bc6 23. Rb3 Qe7 24. c4 Qd7 25. cxd5 Bxd5 26.
Bxd5 Qxd5 27. Qh3 Qxd4+ 28. Rf2 Qxe5 29. Rd2 Qe1+ 30. Qf1 Qxf1+ 31. Kxf1
Bxd2+ 32. Ke2 Bf4 33. Rf3 Bxh2 34. Rxf8+ Rxf8 35. a4 g5 36. a5 g4 37. axb6
g3 38. bxa7 g2 39. a8=Q Rxa8 40. Kf2 g1=Q+ 41. Kf3 Ra3+ 42. Ke2 Qg2+ 43.
Ke1 Ra1# { White checkmated } 0-1

[Event "ICC tourney 2355 (60 10)"]
[Site "Internet Chess Club"]
[Date "2021.01.31"]
[Round "4"]
[White "smashattack"]
[Black "DavidNest"]
[Result "1-0"]
[ICCResult "Black checkmated"]
[WhiteElo "1451"]
[BlackElo "1229"]
[Opening "Dutch with c4 & Nc3"]
[ECO "A85"]
[NIC "HD.05"]
[Time "10:01:53"]
[PlyCount "131"]
[TimeControl "3600+10"]

1. d4 f5 2. c4 Nf6 3. Nc3 g6 4. Nf3 Bg7 5. Bf4 O-O 6. e3 d6 7. d5 Ne4 8.
Rc1 c5 9. Bd3 Nf6 10. h3 e5 11. dxe6 Bxe6 12. O-O Nc6 13. a3 Re8 14. Nb5
Ne4 15. Bxe4 fxe4 16. Ng5 Bxb2 17. Rc2 Be5 18. Bxe5 dxe5 19. Nxe4 Qxd1 20.
Rxd1 Bf5 21. Nf6+ Kf7 22. Nxe8 Bxc2 23. Ned6+ Ke7 24. Rd2 a6 25. Nxb7 axb5
26. cxb5 Ba4 27. bxc6 Bxc6 28. Nxc5 Rxa3 29. Kh2 Ra5 30. Nb3 Rd5 31. Ra2
Rd7 32. Nc5 Rc7 33. Nd3 e4 34. Nb4 Kd6 35. Nxc6 Kxc6 36. Rc2+ Kb7 37. Rxc7+
Kxc7 38. Kg3 Kd6 39. Kf4 h6 40. Kxe4 Ke6 41. f4 Kf6 42. Kd5 Kf5 43. g4+ Kf6
44. e4 g5 45. e5+ Ke7 46. f5 Kd7 47. f6 Ke8 48. Ke6 Kf8 49. f7 h5 50. Kf6
h4 51. Kg6 Ke7 52. Kg7 Ke6 53. f8=Q Kxe5 54. Qf5+ Kd4 55. Qxg5 Ke4 56. Qf6
Ke3 57. g5 Ke4 58. g6 Ke3 59. Kh6 Ke4 60. g7 Ke3 61. g8=Q Ke4 62. Qe8+ Kd5
63. Qf1 Kd6 64. Qd1+ Kc7 65. Qc2+ Kd6 66. Qcc6# { Black checkmated } 1-0

[Event "ICC tourney 2355 (60 10)"]
[Site "Internet Chess Club"]
[Date "2021.01.31"]
[Round "4"]
[White "siddharthbose"]
[Black "cman-g"]
[Result "1-0"]
[ICCResult "Black checkmated"]
[WhiteElo "1232"]
[BlackElo "744"]
[Opening "Vienna gambit"]
[ECO "C29"]
[NIC "VG.04"]
[Time "10:02:14"]
[PlyCount "51"]
[TimeControl "3600+10"]

1. e4 e5 2. Nc3 Nf6 3. f4 d6 4. Nf3 Be7 5. fxe5 dxe5 6. Bc4 Bd6 7. O-O O-O
8. d3 Bc5+ 9. Kh1 Nc6 10. Bg5 h6 11. Bh4 Bg4 12. Qd2 Qd7 13. Bxf6 gxf6 14.
Nd5 Qd6 15. Qxh6 Rfe8 16. Nxf6+ Qxf6 17. Qxf6 Bh5 18. Qg5+ Kf8 19. Qxh5 Ke7
20. Qxf7+ Kd8 21. Be6 Be7 22. Ng5 Rf8 23. Qg7 Rxf1+ 24. Rxf1 Ke8 25. Rf8+
Bxf8 26. Qd7# { Black checkmated } 1-0

[Event "ICC tourney 2355 (60 10)"]
[Site "Internet Chess Club"]
[Date "2021.01.31"]
[Round "4"]
[White "c30mw"]
[Black "lateninthrook"]
[Result "0-1"]
[ICCResult "White checkmated"]
[WhiteElo "112"]
[BlackElo "822"]
[Opening "Caro-Kann: classical variation"]
[ECO "B18"]
[NIC "CK.10"]
[Time "10:02:22"]
[PlyCount "138"]
[TimeControl "3600+10"]

1. e4 c6 2. Nc3 d5 3. d4 dxe4 4. Nxe4 Bf5 5. Nc3 Nf6 6. Nf3 e6 7. Bf4 Bd6
8. Bxd6 Qxd6 9. Bd3 Bxd3 10. Qxd3 O-O 11. O-O-O Na6 12. a3 Rfd8 13. Rhe1
Rd7 14. Ne4 Nxe4 15. Rxe4 h6 16. Rh4 f6 17. g4 Kf7 18. Qh7 Qf4+ 19. Nd2 Qg5
20. Rh3 f5 21. gxf5 exf5 22. Rf3 Kf6 23. Kb1 Re7 24. h4 Qg6 25. Qxg6+ Kxg6
26. Rg1+ Kh7 27. Rxf5 Rd8 28. Rg4 c5 29. Nf3 cxd4 30. Nxd4 Rg8 31. Rh5 g6
32. Rd5 h5 33. Rgg5 Re4 34. Rd7+ Rg7 35. Rxg7+ Kxg7 36. Nf3 Rf4 37. Ne5 Kf6
38. Nd3 Rxh4 39. Ra5 Rh1+ 40. Ka2 h4 41. Nf4 g5 42. Ng2 h3 43. Ne3 Re1 44.
Ng4+ Kg6 45. Re5 Kh5 46. Rxe1 Kxg4 47. Rg1+ Kh4 48. c4 h2 49. Rh1 Kh3 50.
b4 Kg2 51. Ra1 Kxf2 52. b5 Nc5 53. Rd1 g4 54. Rd5 Ne4 55. Rf5+ Kg3 56. Re5
Nc3+ 57. Kb3 Nd1 58. Re1 Nf2 59. Re3+ Kg2 60. Re1 Nd3 61. Re2+ Kh3 62. Re3+
g3 63. Rxd3 h1=Q 64. Rd8 Qf3+ 65. Kb4 g2 66. Rh8+ Kg3 67. Rg8+ Kf2 68.
Rxg2+ Kxg2 69. Ka5 Qxa3# { White checkmated } 0-1

[Event "ICC tourney 2355 (60 10)"]
[Site "Internet Chess Club"]
[Date "2021.01.31"]
[Round "4"]
[White "ridikulous"]
[Black "czw1"]
[Result "0-1"]
[ICCResult "White checkmated"]
[WhiteElo "1046"]
[BlackElo "1360"]
[Opening "Sicilian: Alapin's variation (2.c3)"]
[ECO "B22"]
[NIC "SI.47"]
[Time "10:01:48"]
[PlyCount "114"]
[TimeControl "3600+10"]

1. e4 c5 2. c3 Nf6 3. e5 Nd5 4. d4 cxd4 5. cxd4 e6 6. Bd3 d6 7. Nc3 Nc6 8.
Nf3 dxe5 9. dxe5 Bb4 10. Qc2 Bxc3+ 11. bxc3 Qc7 12. Bb5 Bd7 13. O-O Nxe5
14. Bxd7+ Nxd7 15. Bb2 O-O 16. c4 N7f6 17. Rac1 a6 18. cxd5 Qxc2 19. Rxc2
Nxd5 20. Re1 b5 21. Re4 Rfd8 22. h4 a5 23. h5 h6 24. Rg4 f6 25. Re2 e5 26.
Bc1 Kh7 27. Nh4 Rac8 28. Re1 Nb4 29. Ba3 Nxa2 30. Nf5 Rd7 31. Be7 Rg8 32.
Re3 g6 33. hxg6+ Rxg6 34. Reg3 Rg5 35. Rxg5 hxg5 36. Bxf6 Kg6 37. Bxe5 Kxf5
38. Bb2 Nb4 39. Ba3 Rd3 40. Rxd3 Nxd3 41. Kf1 b4 42. Ke2 bxa3 43. Kxd3 a2
44. Kc2 a1=Q 45. Kd3 Qe5 46. f3 g4 47. fxg4+ Kxg4 48. g3 Kxg3 49. Kc4 Qd6
50. Kb5 Qc7 51. Ka4 Qb6 52. Ka3 Qb4+ 53. Ka2 Kf3 54. Ka1 Ke3 55. Ka2 Kd2
56. Ka1 Kc2 57. Ka2 Qa4# { White checkmated } 0-1

[Event "ICC tourney 2355 (60 10)"]
[Site "Internet Chess Club"]
[Date "2021.01.31"]
[Round "4"]
[White "KenjiG"]
[Black "DiamondUnicorn"]
[Result "1/2-1/2"]
[ICCResult "Game drawn because neither player has mating material"]
[WhiteElo "952"]
[BlackElo "1149"]
[Opening "Sicilian: Grand Prix attack"]
[ECO "B23"]
[NIC "SI.44"]
[Time "10:01:49"]
[PlyCount "192"]
[TimeControl "3600+10"]

1. e4 c5 2. Nc3 Nc6 3. f4 d6 4. Nf3 e6 5. Bb5 Bd7 6. O-O Nge7 7. d3 Ng6 8.
Qe1 Be7 9. Qg3 O-O 10. Bxc6 bxc6 11. Bd2 Qc7 12. Rae1 Rab8 13. Bc1 f6 14.
d4 cxd4 15. Nxd4 c5 16. Nb3 Bc6 17. f5 exf5 18. exf5 Ne5 19. Bh6 Rf7 20. h3
Kh8 21. Be3 Rg8 22. Ne2 g6 23. Nf4 gxf5 24. Qf2 Nf3+ 25. Kh1 Nxe1 26. Rxe1
Rfg7 27. Rg1 Qd7 28. Na5 Be4 29. Kh2 Qb5 30. Nb3 a5 31. g3 a4 32. Nd2 Qxb2
33. Nxe4 fxe4 34. Ne6 Rf7 35. c4 Qxf2+ 36. Bxf2 f5 37. Rb1 Bf6 38. Rb6 Be5
39. Ra6 Rb7 40. Kg1 Rb1+ 41. Kg2 Rb2 42. Rxa4 Bxg3 43. Ra3 Rxf2+ 44. Kh1
Rh2+ 45. Kg1 Bf2+ 46. Kxh2 Bg1+ 47. Kh1 Bf2 48. Rb3 e3 49. Nf4 Bg3 50. Ne2
f4 51. Kg2 Bf2+ 52. Kf3 Bg3 53. Nxf4 Bxf4 54. Kxf4 e2 55. Re3 Rf8+ 56. Kg3
Kg7 57. Rxe2 Kh8 58. a4 Ra8 59. Ra2 Kg7 60. Kg4 Kf6 61. Kf4 Ke6 62. Ke4 Ra5
63. Ra3 Ra6 64. a5 Ra8 65. Kd3 d5 66. a6 Kd6 67. a7 dxc4+ 68. Kxc4 Kc6 69.
Ra4 Kb6 70. h4 h5 71. Ra3 Kc6 72. Ra6+ Kb7 73. Ra5 Kb6 74. Rxc5 Rxa7 75.
Rxh5 Ra4+ 76. Kd3 Ra3+ 77. Kc2 Ra2+ 78. Kb3 Ra8 79. Rh7 Rg8 80. h5 Kc6 81.
Kc4 Kd6 82. Kd4 Ke6 83. Ke4 Kf6 84. Kf4 Rg5 85. h6 Rf5+ 86. Ke4 Kg6 87. Rh8
Rh5 88. h7 Rxh7 89. Rg8+ Rg7 90. Re8 Kf6 91. Rf8+ Rf7 92. Rd8 Re7+ 93. Kf4
Rf7 94. Rd6+ Ke7+ 95. Ke5 Rf5+ 96. Kxf5 Kxd6 { Game drawn because neither
player has mating material } 1/2-1/2

[Event "ICC tourney 2355 (60 10)"]
[Site "Internet Chess Club"]
[Date "2021.01.31"]
[Round "5"]
[White "andrewj508"]
[Black "santiagoF-hces"]
[Result "1-0"]
[ICCResult "Black checkmated"]
[WhiteElo "1256"]
[BlackElo "326"]
[Opening "Giuoco Piano: Aitken variation"]
[ECO "C54"]
[NIC "IG.02"]
[Time "13:00:31"]
[PlyCount "57"]
[TimeControl "3600+10"]

1. e4 e5 2. Nf3 Nc6 3. Bc4 Bc5 4. c3 Nf6 5. d4 exd4 6. cxd4 Bb4+ 7. Nc3
Nxe4 8. O-O Nxc3 9. bxc3 Bxc3 10. Ba3 Bxa1 11. Re1+ Ne7 12. Bxe7 Qxe7 13.
Rxe7+ Kxe7 14. Qxa1 Re8 15. h3 d6 16. Ng5 h6 17. Nxf7 Be6 18. d5 Bxf7 19.
Qxg7 Rh8 20. Bd3 Rag8 21. Qd4 b6 22. Bb5 Kd8 23. Qf6+ Kc8 24. Qxf7 Kb7 25.
Qd7 Kb8 26. Ba6 c6 27. Qxd6+ Ka8 28. Qxc6+ Kb8 29. Qb7# { Black checkmated
} 1-0

[Event "ICC tourney 2355 (60 10)"]
[Site "Internet Chess Club"]
[Date "2021.01.31"]
[Round "5"]
[White "liznemiroff"]
[Black "bananaplaychess"]
[Result "1-0"]
[ICCResult "Black checkmated"]
[WhiteElo "969"]
[BlackElo "610"]
[Opening "QGD Slav defense: exchange variation"]
[ECO "D10"]
[NIC "SL.01"]
[Time "13:00:37"]
[PlyCount "75"]
[TimeControl "3600+10"]

1. d4 d5 2. c4 c6 3. cxd5 cxd5 4. Nc3 Nf6 5. Bg5 Bf5 6. Bxf6 exf6 7. Qb3
Be6 8. Qxb7 Nd7 9. Nxd5 Bxd5 10. Qxd5 Bb4+ 11. Kd1 O-O 12. Nf3 Qc7 13. e3
Nb6 14. Qb3 Rac8 15. Qxb4 Qc2+ 16. Ke1 Nc4 17. Qc3 Qa4 18. b3 Qa3 19. Bxc4
Rfd8 20. Ke2 Rd5 21. Rac1 Qf8 22. Bxd5 Rxc3 23. Rxc3 h6 24. Rhc1 Kh7 25.
Be4+ g6 26. Rc8 Qa3 27. Nh4 Qxa2+ 28. Kf3 f5 29. Nxf5 gxf5 30. Bxf5+ Kg7
31. R1c6 Qxb3 32. R8c7 Qa4 33. Rg6+ Kh7 34. Rxf7+ Kh8 35. Rgg7 Qd1+ 36. Kg3
Qh5 37. Bh7 a5 38. Rg8# { Black checkmated } 1-0

[Event "ICC tourney 2355 (60 10)"]
[Site "Internet Chess Club"]
[Date "2021.01.31"]
[Round "5"]
[White "liuo30"]
[Black "AidanMc2013"]
[Result "0-1"]
[ICCResult "White checkmated"]
[WhiteElo "831"]
[BlackElo "464"]
[Opening "Giuoco Piano"]
[ECO "C50"]
[NIC "IG.02"]
[Time "13:00:32"]
[PlyCount "78"]
[TimeControl "3600+10"]

1. e4 e5 2. Nf3 Nc6 3. Bc4 Bc5 4. Nc3 d6 5. d3 Nf6 6. O-O O-O 7. Re1 Bg4 8.
h3 Bh5 9. g4 Bg6 10. Nh4 Qe7 11. Bg5 h6 12. Be3 Bxe3 13. Rxe3 Bh7 14. Qf3
Nd4 15. Qd1 Nd7 16. Nb5 Qxh4 17. Nxc7 Rac8 18. Nd5 Nb6 19. Ne7+ Kh8 20.
Nxc8 Rxc8 21. b3 f6 22. a4 Nd7 23. c3 Nc6 24. Be6 Rd8 25. d4 exd4 26. cxd4
Nb4 27. Bxd7 Rxd7 28. Qd2 Rc7 29. Qxb4 Rc2 30. Rf3 Bxe4 31. Rf4 g5 32. Rf1
gxf4 33. Qxd6 Qxh3 34. Qf8+ Kh7 35. Qf7+ Kh8 36. Qxf6+ Kg8 37. Qg5+ Kh7 38.
Qe7+ Kg6 39. d5 Qg2# { White checkmated } 0-1

[Event "ICC tourney 2355 (60 10)"]
[Site "Internet Chess Club"]
[Date "2021.01.31"]
[Round "5"]
[White "akhan123"]
[Black "OliverLam"]
[Result "0-1"]
[ICCResult "White resigns"]
[WhiteElo "764"]
[BlackElo "317"]
[Opening "Ruy Lopez: Graz variation"]
[ECO "C70"]
[NIC "RL.09"]
[Time "13:00:22"]
[PlyCount "54"]
[TimeControl "3600+10"]

1. e4 e5 2. Nf3 Nc6 3. Bb5 a6 4. Ba4 b5 5. Bb3 Bc5 6. d3 h6 7. Bd5 Nf6 8.
Bxc6 dxc6 9. Nxe5 Qd4 10. Be3 Qxb2 11. Bxc5 Qxa1 12. c3 Qxa2 13. c4 Qa5+
14. Nd2 Qc3 15. Nxc6 Qxd3 16. Be3 Qd6 17. Nd4 O-O 18. O-O Ng4 19. N4f3 Nxe3
20. fxe3 Bg4 21. h3 Bxf3 22. Rxf3 Rfd8 23. Rf2 bxc4 24. Qe1 c3 25. Nb1 Qd1
26. Re2 Qxe1+ 27. Rxe1 c2 { White resigns } 0-1

[Event "ICC tourney 2355 (60 10)"]
[Site "Internet Chess Club"]
[Date "2021.01.31"]
[Round "5"]
[White "akashiyer2012"]
[Black "DaltonTiger"]
[Result "0-1"]
[ICCResult "White checkmated"]
[WhiteElo "762"]
[BlackElo "113"]
[Opening "Giuoco Piano: Greco variation"]
[ECO "C54"]
[NIC "IG.02"]
[Time "13:00:27"]
[PlyCount "48"]
[TimeControl "3600+10"]

1. e4 e5 2. Nf3 Nc6 3. Bc4 Bc5 4. c3 Nf6 5. d4 exd4 6. cxd4 Bb4+ 7. Nc3
Nxe4 8. O-O Nxc3 9. Re1+ Ne7 10. Rxe7+ Qxe7 11. Bxf7+ Qxf7 12. Qe1+ Qe7 13.
Bg5 Ne2+ 14. Qxe2 Qxe2 15. a3 Qxb2 16. Rf1 Qxa3 17. Bd2 O-O 18. Bxb4 Qxb4
19. Ne1 Qxd4 20. Nc2 Qd3 21. Nb4 Qc4 22. Nc2 Qxc2 23. Re1 Qxf2+ 24. Kh1
Qxe1# { White checkmated } 0-1

[Event "ICC tourney 2355 (60 10)"]
[Site "Internet Chess Club"]
[Date "2021.01.31"]
[Round "5"]
[White "lvasilyev"]
[Black "bangingcuberyt"]
[Result "0-1"]
[ICCResult "White checkmated"]
[WhiteElo "106"]
[BlackElo "612"]
[Opening "Caro-Kann: advance variation"]
[ECO "B12"]
[NIC "CK.04"]
[Time "13:00:39"]
[PlyCount "70"]
[TimeControl "3600+10"]

1. e4 c6 2. d4 d5 3. e5 Bf5 4. Nf3 e6 5. Bd3 Bg6 6. O-O Nd7 7. Re1 Ne7 8.
Bxg6 hxg6 9. Ng5 Nf5 10. Nf3 Qb6 11. Be3 Nxe3 12. Rxe3 O-O-O 13. Rb3 Qc7
14. Qe1 Be7 15. Qc3 c5 16. Ra3 Kb8 17. Qb3 c4 18. Qc3 Bxa3 19. Nxa3 f6 20.
Nb5 Qc6 21. Nd6 Rh7 22. Qa5 Rdh8 23. Kf1 fxe5 24. dxe5 Nxe5 25. Ne4 Nxf3
26. gxf3 c3 27. Nxc3 Qa6+ 28. Nb5 Qxa5 29. Nc3 Rxh2 30. Ke2 Qa6+ 31. Kd2
Rxf2+ 32. Ke3 Qb6+ 33. Kf4 Rh4+ 34. Kg3 Rfh2 35. Na4 Qf2# { White
checkmated } 0-1

[Event "ICC tourney 2355 (60 10)"]
[Site "Internet Chess Club"]
[Date "2021.01.31"]
[Round "5"]
[White "petitejudo"]
[Black "Leochess2020"]
[Result "1-0"]
[ICCResult "Black resigns"]
[WhiteElo "1162"]
[BlackElo "894"]
[Opening "Sicilian: Smith-Morra gambit"]
[ECO "B21"]
[NIC "SI.48"]
[Time "13:00:40"]
[PlyCount "59"]
[TimeControl "3600+10"]

1. e4 c5 2. d4 cxd4 3. c3 dxc3 4. Nxc3 d6 5. Bc4 Nf6 6. e5 dxe5 7. Bxf7+
Kxf7 8. Qxd8 Nc6 9. Qd1 Be6 10. Nf3 g6 11. Bg5 Bg7 12. O-O Rhf8 13. Bxf6
exf6 14. Ne4 Rad8 15. Qa4 Kg8 16. Rad1 Rc8 17. Nd6 Rc7 18. Qh4 Bxa2 19. Ne4
Bc4 20. Neg5 fxg5 21. Qxc4+ Kh8 22. Nxg5 Re7 23. Qh4 Bf6 24. Rd3 Nd4 25.
Rh3 Ne2+ 26. Kh1 Bxg5 27. Qxg5 Rg7 28. Qxe5 Nf4 29. Rf3 g5 30. g3 { Black
resigns } 1-0

[Event "ICC tourney 2355 (60 10)"]
[Site "Internet Chess Club"]
[Date "2021.01.31"]
[Round "5"]
[White "Hillel-2012"]
[Black "LeoNYC"]
[Result "1-0"]
[ICCResult "Black checkmated"]
[WhiteElo "110"]
[BlackElo "1145"]
[Opening "Owen defense"]
[ECO "B00"]
[NIC "VO.01"]
[Time "13:00:35"]
[PlyCount "83"]
[TimeControl "3600+10"]

1. e4 b6 2. d4 Bb7 3. Nc3 e6 4. Qd2 Bb4 5. b3 Bxe4 6. f3 Bb7 7. Nge2 Qh4+
8. Ng3 Nf6 9. Bb2 Nd5 10. O-O-O Qh6 11. Qxh6 gxh6 12. Nxd5 Bxd5 13. c4 Bb7
14. d5 exd5 15. Bxh8 Ba3+ 16. Bb2 Bxb2+ 17. Kxb2 dxc4 18. Bxc4 Nc6 19. Nf5
h5 20. Nh6 Ne5 21. Rde1 d6 22. f4 Bxg2 23. Rhg1 Bh3 24. fxe5 dxe5 25. Rg8+
Ke7 26. Rxa8 Kf6 27. Nxf7 Kf5 28. Rxe5+ Kg6 29. Rg8+ Kf6 30. Re3 Bf5 31.
Rf3 c6 32. Nh6 b5 33. Bd3 Ke6 34. Bxf5+ Kd5 35. Rd8+ Kc5 36. Rc3+ Kb4 37.
a3+ Ka5 38. Ra8 Kb6 39. Nf7 Kb7 40. Nd6+ Kxa8 41. Rxc6 Kb8 42. Rc8# { Black
checkmated } 1-0

[Event "ICC tourney 2355 (60 10)"]
[Site "Internet Chess Club"]
[Date "2021.01.31"]
[Round "5"]
[White "Lkonzelmann"]
[Black "joshuakps77"]
[Result "0-1"]
[ICCResult "White checkmated"]
[WhiteElo "386"]
[BlackElo "1099"]
[Opening "Vienna game"]
[ECO "C28"]
[NIC "VG.02"]
[Time "13:00:30"]
[PlyCount "60"]
[TimeControl "3600+10"]

1. e4 e5 2. Nc3 Nf6 3. Bc4 Nc6 4. h3 Nxe4 5. Nxe4 d5 6. Bxd5 Qxd5 7. Nc3
Qd6 8. Nf3 Bf5 9. d3 O-O-O 10. Be3 Re8 11. Qd2 Nd4 12. O-O-O Qb6 13. Nd5
Qc5 14. Nc3 Qd6 15. Ne4 Bxe4 16. dxe4 Rd8 17. Bxd4 exd4 18. e5 Qd7 19. Qxd4
Qxd4 20. Rxd4 Bc5 21. Rxd8+ Rxd8 22. Rf1 b6 23. Ng5 Rd7 24. Nxh7 Re7 25. f4
Rd7 26. Rd1 Be3+ 27. Rd2 Rxd2 28. b3 Rxg2+ 29. Kb2 Bd4+ 30. Kb1 Rg1# {
White checkmated } 0-1

[Event "ICC tourney 2355 (60 10)"]
[Site "Internet Chess Club"]
[Date "2021.01.31"]
[Round "5"]
[White "chessimposter"]
[Black "LH2013"]
[Result "0-1"]
[ICCResult "White checkmated"]
[WhiteElo "997"]
[BlackElo "735"]
[Opening "KGA: Schallop defense"]
[ECO "C34"]
[NIC "KG.02"]
[Time "13:01:15"]
[PlyCount "50"]
[TimeControl "3600+10"]

1. e4 e5 2. f4 exf4 3. Nf3 Nf6 4. e5 Ng4 5. Bc4 Nc6 6. d4 d6 7. O-O dxe5 8.
dxe5 Bc5+ 9. Kh1 Nf2+ 10. Rxf2 Qxd1+ 11. Rf1 Qxc2 12. Nc3 Bg4 13. Ng5 O-O
14. e6 fxe6 15. Bxe6+ Bxe6 16. Nxe6 Rf6 17. Nxc5 Rg6 18. Rg1 f3 19. gxf3
Rxg1+ 20. Kxg1 Rf8 21. Be3 Rxf3 22. Bd4 Nxd4 23. Re1 Qf2+ 24. Kh1 Qxe1+ 25.
Kg2 Qf1# { White checkmated } 0-1